 Dungeon Crawl Stone Soup version 0.31.0-1-g2c135a0 (webtiles) character file.

Game seed: 13790855993115563580

233 bigmatt the Ruffian (level 5, -1/50 HPs)
             Began as a Troll Shapeshifter on Apr 14, 2024.
             Slain by a gnoll
             ... wielding a +0 spear
              (6 damage)
             ... on level 5 of the Dungeon.
             The game lasted 00:04:39 (2997 turns).

bigmatt the Ruffian (Troll Shapeshifter)            Turns: 2997, Time: 00:04:39

Health: -1/50      AC:  4    Str: 24    XL:     5   Next: 74%
Magic:  4/4        EV: 10    Int:  6    God:
Gold:   192        SH:  0    Dex:  9    Spells: 4/4 levels left

rFire   . .          .
                       - Unarmed
rCold   . . .        (no shield)
rNeg    . . .        a - +0 animal skin
rPois   .            (helmet currently unavailable)
rElec   .            (cloak currently unavailable)
rCorr   +            (gloves unavailable)
SInv    .            (boots unavailable)
Will    .....        o - amulet of the acrobat
Stlth   +            l - ring of resist corrosion
HPRegen 1.08/turn    (no ring)
MPRegen 0.09/turn

%: acrobat
@: lethally poisoned (-1 -> -4), beast-form
A: beast (slay +2), large, unfitting armour, claws 3, regeneration 1, shaggy fur
1, tough skin 1
a: Begin Untransformation


You were on level 5 of the Dungeon.
You were a hulking beast.
You visited 1 branch of the dungeon, and saw 5 of its levels.

You collected 192 gold pieces.

Inventory:

Armour
 a - a +0 animal skin (worn)
 u - a +0 kite shield
 y - a scarf of shadows
Jewellery
 h - an amulet of faith
 l - a ring of resist corrosion (left claw)
 o - an amulet of the acrobat (around neck)
Talismans
 c - a beast talisman
 d - a flux talisman
 p - a blade talisman
 x - a granite talisman
Scrolls
 e - 2 scrolls of enchant weapon {unknown}
 j - a scroll of revelation {unknown}
 k - 4 scrolls of identify {unknown}
 m - a scroll of enchant armour {unknown}
 n - a scroll of blinking {unknown}
 q - a scroll of silence {unknown}
 v - a scroll of immolation {unknown}
Potions
 b - 2 potions of lignification
 f - 3 potions of curing {unknown}
 g - 2 potions of ambrosia {unknown}
 i - a potion of haste {unknown}
 r - a potion of heal wounds {unknown}
 s - a potion of might {unknown}
 t - a potion of attraction {unknown}
 w - a potion of degeneration {unknown}


   Skills:
 + Level 2.3 Fighting
 + Level 2.8 Dodging
 + Level 4.1 Unarmed Combat
 + Level 3.9 Shapeshifting


You had 4 spell levels left.
You didn't know any spells.
Your spell library contained the following spells:

 Spells                   Type           Power      Damage    Failure   Level
 Call Canine Familiar     Summ           0%         N/A       83%         3
 Sigil of Binding         Hex            0%         N/A       83%         3
 Dimensional Bullseye     Hex/Tloc       0%         N/A       99%         4


Dungeon Overview and Level Annotations

Branches:
Dungeon (5/15)
 Temple: D:4-7

Altars:
Fedhas
Nemelex Xobeh


Innate Abilities, Weirdness & Mutations

You are a hulking beast.
Your limbs bulge with bestial killing power. (Slay +2)
You are too large for most types of armour.
You have claws for hands.
Your natural rate of healing is unusually fast.
You are covered in fur. (AC +1)
You have tough skin. (AC +1)


Message History

3 gnolls come into view.
A gnoll is quivering 3 throwing nets.
A gnoll is wielding a +0 spear and quivering a throwing net.
Found a glowing scarf and a twisted ivory wand.
The gnoll shouts! x2
A gnoll bouda comes into view. It is wielding a +0 whip.
The gnoll attacks as it pursues you! The gnoll misses you.
The gnoll barely misses you.
You see here a scarf of shadows.
y - a scarf of shadows The gnoll hits you from afar with a +0 spear!
The gnoll completely misses you. The gnoll barely misses you.
The gnoll attacks as it pursues you! The gnoll misses you.
You miss the water moccasin. The water moccasin bites you.
You claw the water moccasin! Your claw misses the water moccasin.
The water moccasin is moderately wounded.
The water moccasin bites you but does no damage.
The gnoll hits you with a +0 flail!
The gnoll hits you from afar with a +0 spear.
You closely miss the water moccasin.
The water moccasin is moderately wounded.
The water moccasin bites you!
You are poisoned.
The water moccasin poisons you! The gnoll barely misses you.
The gnoll closely misses you. The water moccasin closely misses you.
The gnoll barely misses you.
You closely miss the water moccasin.
The water moccasin is moderately wounded.
You feel very sick. The gnoll hits you but does no damage.
The water moccasin bites you but does no damage.
The gnoll hits you with a +1 whip of electrocution!
You are electrocuted!
* * * LOW HITPOINT WARNING * * *
You closely miss the water moccasin.
The water moccasin is moderately wounded.
* * * LOW HITPOINT WARNING * * *
You feel very sick.
The gnoll hits you from afar with a +0 spear.
You die...

# ..# # #. #.# #
......... #. #.# #
...g....[ #.##.# #
....... #..#.## ## .....
##.....##
.####...####...g...#####
...............gh.......
.. #.#...#....gS........
# ##...S###.g.g.########
###...#.###...g..##
.....##g.##.......#
##...##..#......###
##..##.....##.###
##...##.....###
##..####...##


You could see a water moccasin and 6 gnolls.

Vanquished Creatures
  A scorpion (D:4)
  A hound (D:4)
  A sleepcap (D:4)
  Terence (D:2)
  2 adders (D:2)
  7 dart slugs
  7 orcs
  2 endoplasms
  5 giant cockroaches
  6 goblins
  4 hobgoblins
  5 kobolds
  4 quokkas
  5 ball pythons
  3 bats (D:1)
  5 rats (D:1)
59 creatures vanquished.

Notes
Turn   | Place    | Note
-------+----------+-------------------------------------------
     0 | D:1      | bigmatt the Troll Shapeshifter began the quest for the Orb.
     0 | D:1      | Reached XP level 1. HP: 18/18 MP: 0/0
    16 | D:1      | Reached skill level 1 in Fighting
    51 | D:1      | Reached XP level 2. HP: 27/27 MP: 1/1
   552 | D:1      | Reached XP level 3. HP: 33/33 MP: 2/2
   918 | D:2      | Found a blossoming altar of Fedhas.
   918 | D:2      | Noticed Terence
   925 | D:2      | Killed Terence
   965 | D:2      | Found a faded altar of an unknown god.
  1158 | D:2      | Reached XP level 4. HP: 35/41 MP: 3/3
  2484 | D:4      | Noticed a scorpion
  2494 | D:4      | Killed a scorpion
  2495 | D:4      | Reached XP level 5. HP: 48/49 MP: 4/4
  2588 | D:4      | Reached skill level 4 in Unarmed Combat
  2659 | D:4      | Found a sparkling altar of Nemelex Xobeh.
  2949 | D:5      | Entered Level 5 of the Dungeon
  2977 | D:5      | Noticed a water moccasin
  2997 | D:5      | Slain by a gnoll

Illustrated notes

Levels and vault maps discovered:
D:1:      amcnicky_arrival_wind_blow, layout_basic
D:2:      layout_loops_corners, basic_altar,
          shapermc_ecumenical_altar_mp_highgroup, uniq_terence
D:3:      layout_loops_cross, nicolae_hexahallways
D:4:      layout_rooms, nemelex_diamond_rough_becter
D:5:      layout_cave_pools, general_overflow_altar, temple_hall,
          serial_gnoll_camp, gnoll_camp_mini_basic, gnoll_camp_medium_02,
          gnoll_camp_mini_hut, gnoll_camp_mini_hut, gup_sewer_entry_glass

Skill      XL: |  1  2  3  4  5 |
---------------+----------------+-----
Fighting       | 1 2 |  2.3
Dodging        | 2 |  2.8
Unarmed Combat | 4 |  4.1
Shapeshifting  | |  3.9

Action                     |  1- 3 |  4- 6 || total
---------------------------+-------+-------++-------
  Melee: Unarmed           |    77 |    67 ||   144
         Punch             |     1 |       ||     1
   Stab: Sleeping          |     1 |       ||     1
 Armour: Animal skin       |    44 |    44 ||    88
  Dodge: Dodged            |    48 |    33 ||    81
